 Dungeon Crawl Stone Soup version 0.30.0-29-ga12c61a403 (webtiles) character file.

Game seed: 11637461836827139591

10882 Fodor the Protected (level 11, -15/95 HPs)
             Began as a Minotaur Fighter on June 15, 2023.
             Was an Initiate of Gozag.
             Demolished by a cane toad (17 damage)
             ... on level 1 of the Lair of Beasts on June 16, 2023.
             The game lasted 00:53:18 (9036 turns).

Fodor the Protected (Minotaur Fighter)              Turns: 9036, Time: 00:53:21

Health: -15/95     AC: 27    Str: 24    XL:     11   Next: 42%
Magic:  10/10      EV:  8    Int:  8    God:    Gozag
Gold:   1595       SH:  5    Dex: 10    Spells: 10/10 levels left

rFire   x . .        G - +3 demon trident (elec)
rCold   . . .        c - +0 buckler
rNeg    . . .        y - +9 plate armour of Hangman {Str+2 Dex-3 Slay+2 Stlth+}
rPois   .            (helmet restricted)
rElec   .            F - +0 cloak
rCorr   .            (no gloves)
SInv    .            P - +0 pair of boots of Disguise {rF- Will++ Int+3}
Will    +++..        i - amulet of the acrobat Stlth
                     e - ring of willpower
HPRegen 0.35/turn    (no ring)
MPRegen 0.12/turn

%: acrobat
@: lethally poisoned (-15 -> -40), about to teleport
A: horns 2, retaliatory headbutt
a: Renounce Religion, Potion Petition, Call Merchant, Bribe Branch


You were on level 1 of the Lair of Beasts.
You worshipped Gozag.
Gozag was most pleased with you.
You visited 3 branches of the dungeon, and saw 12 of its levels.
You also visited: Bailey.

You collected 1720 gold pieces.
You paid 125 gold pieces to Gozag.

Inventory:

Hand Weapons
 g - a +2 short sword of distortion
 j - a +1 flail of protection
 w - a +1 shortbow of freezing
 G - a +3 demon trident of electrocution (weapon)
Missiles
 f - 113 stones
 A - 4 boomerangs (quivered)
 H - a curare-tipped dart
 J - 6 poisoned darts
 M - 2 throwing nets
Armour
 c - a +0 buckler (worn)
 y - the +9 plate armour of Hangman (worn) {Str+2 Dex-3 Slay+2 Stlth+}
   (You found it on level 4 of the Dungeon)

   Str:       It affects your strength (+2).
   Dex:       It affects your dexterity (-3).
   Slay:      It affects your accuracy & damage with ranged weapons and melee
   (+2).
   Stlth:     It makes you more stealthy.
 F - a +0 cloak (worn)
 P - the +0 pair of boots of Disguise (worn) {rF- Will++ Int+3}
   (You acquired it on level 1 of the Lair of Beasts)

   Int:       It affects your intelligence (+3).
   rF:        It makes you vulnerable to fire.
   Will:      It greatly increases your willpower.
Jewellery
 e - a ring of willpower (left hand)
 i - an amulet of the acrobat (around neck)
 I - an amulet of magic regeneration
Wands
 a - a wand of roots (18)
 z - a wand of polymorph (7)
 O - a wand of flame (8)
 Q - a wand of digging (4)
 R - a wand of paralysis (4)
Scrolls
 h - 3 scrolls of teleportation
 k - a scroll of poison
 l - 2 scrolls of fear
 n - 2 scrolls of noise
 s - 2 scrolls of immolation
 u - 2 scrolls of vulnerability
 B - a scroll of fog
Potions
 b - 5 potions of ambrosia
 d - 3 potions of might
 m - a potion of attraction {unknown}
 o - 5 potions of cancellation
 p - 2 potions of curing
 q - 3 potions of heal wounds
 r - a potion of flight {unknown}
 t - 7 potions of haste
 v - 3 potions of magic
 x - a potion of berserk rage {unknown}
 C - a potion of degeneration {unknown}
 D - 2 potions of brilliance {unknown}
 E - 2 potions of invisibility {unknown}
 K - 2 potions of mutation {unknown}
 L - a potion of resistance {unknown}
 N - a potion of lignification {unknown}


   Skills:
 + Level 8.9 Fighting
 + Level 9.3(9.5) Short Blades
 + Level 2.8(7.1) Long Blades
 + Level 9.6 Polearms
 + Level 2.1 Throwing
 + Level 12.1 Armour
 + Level 2.8 Dodging
 + Level 2.0 Stealth
 + Level 7.6 Shields


You had 10 spell levels left.
You didn't know any spells.
Your spell library contained the following spells:

 Spells                   Type           Power      Damage    Failure   Level
 Apportation              Tloc           0%         N/A       99%         1
 Necrotise                Necr           0%         1d4       99%         1
 Summon Small Mammal      Summ           0%         N/A       99%         1
 Ensorcelled Hibernation  Hex/Ice        0%         N/A       100%        2
 Ozocubu's Armour         Ice            0%         N/A       100%        3
 Spider Form              Tmut/Pois      0%         N/A       100%        3
 Anguish                  Hex/Necr       0%         N/A       100%        4
 Ozocubu's Refrigeration  Ice            0%         4d7       100%        7


Dungeon Overview and Level Annotations

Branches:
Dungeon (10/15)            Temple (1/1) D:4            Lair (1/5) D:10
    Orc (0/2) D:10         Bailey (visited)

Altars:
Ashenzari
Cheibriados
Dithmenos
Elyvilon
Fedhas
Gozag
Hepliaklqana
Kikubaaqudgha
Makhleb
Nemelex Xobeh
Okawaru
Qazlal
Ru
Sif Muna
Trog
Uskayaw
Vehumet
Wu Jian
Xom
Yredelemnul
Zin
The Shining One


Innate Abilities, Weirdness & Mutations

You have a pair of horns on your head.
You reflexively headbutt those who attack you in melee.


Message History

The blink frog looks as sick as possible!
The blink frog blinks!
The yak gores you but does no damage. x3
The yak gores you.
You barely miss the yak. You headbutt the yak.
You kill the yak!
You kill the blink frog!
The cane toad stings you but does no damage.
The yak gores you but does no damage.
The yak is distracted by your dazzling golden aura.
The yak gores you but does no damage. The cane toad stings you.
* * * LOW HITPOINT WARNING * * *
You are poisoned.
The cane toad poisons you!
The yak bellows!
You feel much better.
You feel very sick. The yak gores you. The yak barely misses you.
You furiously retaliate!
You headbutt the yak! The yak barely misses you.
The cane toad barely misses you. You furiously retaliate!
You headbutt the cane toad!
Unknown command.
You completely miss the yak. Your headbutt misses the yak.
The yak is heavily wounded.
You feel very sick.
The water moccasin is no longer distracted by gold.
The yak gores you but does no damage. The yak completely misses you.
The yak gores you!
* * * LOW HITPOINT WARNING * * *
The cane toad stings you!
* * * LOW HITPOINT WARNING * * *
You are more poisoned.
The cane toad poisons you!
Okay, then.
As you read the scroll of teleportation, it crumbles to dust.
You feel strangely unstable.
* * * LOW HITPOINT WARNING * * *
You feel extremely sick.
The yak is no longer distracted by gold.
The cane toad stings you!
You die...
Your body crumbles into a pile of gold.

#..# ... . #§○§ .. #§# #°§○#.
.☼§. #§°§# #§.8. #§○☼## ##§§°§.
##°☼.##§°○☼§# ##§§S§.°.°#
#.YY8○○☼## #○Y@Y°☼°.# #.8F.○8§###
#○§°°.§☼☼P# ##☼○§8§§°§## . ###
.#☼§.§§.§####### ##
..#######.##.§°.#○#☼°°#.#..#####P
.........#..○○§§#§##○☼.#.........
....<....'.8○○.#####○§○§.########
####P##.##....## #......#


You could see 4 yaks, a cane toad and a water moccasin.

Vanquished Creatures
  A two-headed ogre (D:9)
  An unseen horror zombie (D:7)
  3 cane toads (Lair:1)
  2 komodo dragons (Lair:1)
  A troll (D:9)
  5 blink frogs (Lair:1)
  Prince Ribbit (D:8)
  Sigmund (D:6)
  9 yaks
  A wyvern (D:9)
  2 acid dragons
  Duvessa (D:7)
  4 orc warriors
  A sky beast (D:7)
  3 black bears
  2 ice beasts
  An ogre (D:4)
  A centaur (D:7)
  2 phantoms
  3 kobold brigands
  7 bullfrogs
  A gnoll sergeant (D:9)
  4 necrophages (D:7)
  5 scorpions
  6 wights
  Dowan (D:7)
  3 killer bees (D:7)
  4 howler monkeys
  7 crimson imps (D:10)
  A gnoll bouda (D:8)
  3 hounds
  3 jellies
  3 orc priests
  An iron imp (D:5)
  A sleepcap (D:7)
  Terence (D:2)
  6 iguanas
  8 orc wizards
  25 gnolls
  5 adders
  3 white imps
  An ufetubus (D:5)
  2 worms (D:3)
  A dart slug (D:1)
  34 orcs
  8 ball pythons
  3 bats (D:1)
  5 endoplasms
  A giant cockroach (D:1)
  5 hobgoblins
  2 jackals (D:2)
  3 quokkas
  3 frilled lizards
  11 goblins
  22 kobolds
  3 rats (D:2)
247 creatures vanquished.

Notes
Turn   | Place    | Note
-------+----------+-------------------------------------------
     0 | D:1      | Fodor the Minotaur Fighter began the quest for the Orb.
     0 | D:1      | Reached XP level 1. HP: 19/19 MP: 0/0
   167 | D:1      | Reached XP level 2. HP: 27/27 MP: 1/1
  1133 | D:2      | Reached skill level 4 in Armour
  1202 | D:2      | Reached XP level 3. HP: 33/33 MP: 2/2
  1278 | D:2      | Noticed Terence
  1289 | D:2      | Killed Terence
  1290 | D:2      | Reached skill level 1 in Short Blades
  1683 | D:3      | Reached XP level 4. HP: 40/40 MP: 3/3
  2266 | D:4      | Noticed an ogre
  2278 | D:4      | Killed an ogre
  2279 | D:4      | Reached skill level 5 in Armour
  2279 | D:4      | Reached XP level 5. HP: 47/47 MP: 4/4
  2361 | D:4      | Reached XP level 6. HP: 53/53 MP: 5/5
  2531 | D:4      | Identified the +9 plate armour of Hangman {Str+2 Dex-3
                  | Slay+2 Stlth+}
  2715 | D:4      | Found a staircase to the Ecumenical Temple.
  2724 | Temple   | Entered the Ecumenical Temple
  2943 | D:5      | Entered Level 5 of the Dungeon
  2968 | D:5      | Reached skill level 1 in Dodging
  2968 | D:5      | Reached skill level 1 in Stealth
  2991 | D:5      | Reached XP level 7. HP: 56/60 MP: 6/6
  3007 | D:5      | Found a burning altar of Makhleb.
  3007 | D:5      | Noticed a balrug
  3029 | D:5      | Found an ancient bone altar of Kikubaaqudgha.
  3089 | D:5      | Reached skill level 6 in Armour
  3095 | D:5      | Reached skill level 5 in Fighting
  3114 | D:5      | Reached skill level 5 in Short Blades
  3117 | D:5      | Reached skill level 1 in Throwing
  3308 | D:5      | Found a hazy altar of Hepliaklqana.
  3510 | D:5      | Reached skill level 5 in Shields
  3565 | D:5      | Found a snail-covered altar of Cheibriados.
  3682 | D:5      | Reached skill level 7 in Armour
  3682 | D:5      | Reached XP level 8. HP: 68/68 MP: 7/7
  3858 | D:6      | Reached skill level 8 in Armour
  4039 | D:6      | Noticed Sigmund
  4045 | D:6      | Killed Sigmund
  4288 | D:6      | Found an opulent altar of Gozag.
  4532 | D:6      | Found a glowing golden altar of the Shining One.
  4595 | D:6      | Became a worshipper of Gozag Ym Sagoz the Greedy
  4624 | D:7      | Found a flagged portal.
  4652 | D:7      | Reached XP level 9. HP: 46/75 MP: 8/8
  4706 | D:7      | Reached skill level 9 in Armour
  4829 | Bailey   | Entered a bailey
  5171 | Bailey   | Noticed an orc knight
  5186 | Bailey   | Banished an orc knight
  5519 | D:7      | Found a blossoming altar of Fedhas.
  5594 | D:7      | Reached skill level 10 in Armour
  5694 | D:7      | Found an ornate altar of the Wu Jian Council.
  5833 | D:7      | Noticed Duvessa
  5834 | D:7      | Noticed Dowan
  5848 | D:7      | Killed Duvessa
  5858 | D:7      | Killed Dowan
  5859 | D:7      | Reached XP level 10. HP: 79/84 MP: 9/9
  6037 | D:7      | Found a bloodstained altar of Trog.
  6506 | D:8      | Reached skill level 11 in Armour
  6513 | D:8      | Reached skill level 1 in Polearms
  6672 | D:8      | Noticed Prince Ribbit
  6685 | D:8      | Killed Prince Ribbit
  7118 | D:9      | Noticed a two-headed ogre
  7132 | D:9      | Killed a two-headed ogre
  7133 | D:9      | Reached skill level 5 in Polearms
  8003 | D:10     | Entered Level 10 of the Dungeon
  8264 | D:10     | Found a staircase to the Lair.
  8463 | D:10     | Found a staircase to the Orcish Mines.
  8659 | Lair:1   | Entered Level 1 of the Lair of Beasts
  8665 | Lair:1   | Noticed a cane toad
  8668 | Lair:1   | Reached XP level 11. HP: 95/95 MP: 10/10
  8697 | Lair:1   | Identified a scroll of acquirement
  8698 | Lair:1   | Acquired the +0 pair of boots of Disguise {rF- Will++
                  | Int+3}
  8986 | Lair:1   | Reached skill level 12 in Armour
  9036 | Lair:1   | HP: 2/95 [poisoned by a cane toad]
  9036 | Lair:1   | Demolished by a cane toad

Illustrated notes

Levels and vault maps discovered:
D:1:      amcnicky_arrival_choice, layout_basic
D:2:      layout_basic, uniq_terence
D:3:      layout_loops_ring
D:4:      layout_cave_pools, lemuel_temple_firewalk_b
D:5:      layout_rooms, slow_altar_2, makhleb_altar_promises_db,
          mainiacjoe_overflow_brackets, nicolae_kikubaaqudgha_miasma_corner,
          st_stairs_2, feat_on_display
D:6:      layout_loops_ring, lemuel_tele_altar, lemuel_coloured_pillars_altar,
          wad_floor_pattern_1, uniq_sigmund
D:7:      layout_rooms, nicolae_wu_jian_glorious_leap,
          fedhas_altar_decomposition, trog_butcher_becter, enter_bailey_5,
          hex_tiny, hangedman_abyss_or_decor_passed, uniq_duvessa
D:8:      layout_gridville, uniq_prince_ribbit1
D:9:      layout_gridville, dreamdust_wishing_well, kennysheep_nondescript
D:10:     layout_big_octagon, grunt_lair_entry_orc_guard_hut, orc_0_dummy,
          minmay_nine_imps
Temple:   nicolae_temple_bog_church
Lair:1:   minmay_lair_oklob_tunnel, layout_long_grid, grunt_megastairs_4

Skill      XL: |  1  2  3  4  5  6  7  8  9 10 11 |
---------------+----------------------------------+-----
Fighting       | 4 5 6 8 |  8.9
Shields        | 4 5 6 7 |  7.6
Armour         | 4 5 7 8 10 11 12 | 12.1
Short Blades   | 1 2 3 4 5 7 9 |  9.3
Dodging        | 1 2 |  2.8
Stealth        | 1 2 |  2.0
Throwing       | 1 2 |  2.1
Polearms       | 7 9 |  9.6
Long Blades    | |  2.8

Action                     |  1- 3 |  4- 6 |  7- 9 | 10-12 || total
---------------------------+-------+-------+-------+-------++-------
  Melee: Long sword        |    11 |       |       |       ||    11
         Short sword       |    53 |    58 |   257 |     1 ||   369
         Headbutt          |     7 |     9 |    43 |    58 ||   117
         Demon trident     |       |       |       |   269 ||   269
  Throw: Stone             |       |     5 |     3 |       ||     8
         Boomerang         |       |       |     3 |       ||     3
    Use: Scroll            |       |     8 |     4 |    12 ||    24
         Potion            |       |       |     2 |     4 ||     6
   Stab: Distracted        |       |       |       |     2 ||     2
 Armour: Scale mail        |     1 |       |       |       ||     1
         Chain mail        |    14 |    11 |       |       ||    25
         Plate armour      |       |     9 |   157 |   160 ||   326
  Dodge: Dodged            |    49 |    30 |   184 |   171 ||   434
  Block: Buckler           |    18 |     5 |    56 |    84 ||   163
